[Event "XII Paracin Festival 2019"]
[Site "Paracin"]
[Date "2019.07.05"]
[Round "1.22"]
[White "Soysal, Serkan"]
[Black "Djukic, Sandra"]
[Result "1/2-1/2"]
[ECO "A06"]
[WhiteElo "2431"]
[BlackElo "2153"]
[Annotator "NA"]
[PlyCount "148"]
[EventDate "2019.07.05"]
[EventType "swiss"]
[EventCountry "SRB"]
[SourceTitle "playchess.com"]
[Source "ChessBase"]
[SourceQuality "1"]
[TimeControl "5400+30"]

1. Nf3 d5 2. g3 Nf6 3. Bg2 Bf5 4. O-O c6 5. c4 e6 6. cxd5 exd5 7. d3 h6 8. Qb3 Qb6 9. Qc2 Be7 10. Nc3 Nbd7 11. e4 dxe4 12. dxe4 Bh7 13. Be3 Qa6 14. Rad1 O-O 15. h3 Rad8 16. a3 Nb6 17. Bd4 Nbd5 18. Nh4 Nxc3 19. Qxc3 Bxe4 20. Bxe4 Nxe4 21. Qe3 Bxh4 22. Qxe4 Bg5 23. h4 Rde8 24. Qg4 f5 25. Qh5 Bd8 26. Qg6 Re7 27. Bc5 Qc4 28. Bxe7 Bxe7 29. Rfe1 Bf6 30. Re8 Rxe8 31. Qxe8+ Kh7 32. h5 Qg4 33. Rd7 b5 34. Qe6 Qg5 35. Rxa7 Bd4 36. Qg6+ Qxg6 37. hxg6+ Kxg6 38. Rc7 Bxb2 39. Rxc6+ Kg5 40. Ra6 f4 41. Ra5 Kg4 42. gxf4 Kxf4 43. Kf1 g5 44. Kg2 h5 45. Kf1 h4 46. Kg2 Bc1 47. Rxb5 Bxa3 48. Ra5 Bd6 49. Ra4+ Kf5 50. Kh3 Be5 51. f3 Bd6 52. Rd4 Be5 53. Rd8 Kf4 54. Rf8+ Ke3 55. Re8 Kf4 56. Re7 Bd6 57. Rf7+ Ke3 58. Kg4 Bf4 59. Re7+ Kf2 60. Ra7 Kf1 61. Ra2 Kg1 62. Re2 Kf1 63. Rb2 Kg1 64. Re2 Kf1 65. Re4 Kf2 66. Ra4 Kg2 67. Rc4 Kf2 68. Rc2+ Kg1 69. Kh3 Kf1 70. Ra2 Kg1 71. Rb2 Kf1 72. Kg4 Kg1 73. Rb4 Kf2 74. Ra4 Kg2 1/2-1/2

[Event "XII Paracin Festival 2019"]
[Site "Paracin"]
[Date "2019.07.05"]
[Round "1.23"]
[White "Sapale Saloni"]
[Black "Lajthajm, Borko"]
[Result "0-1"]
[ECO "B28"]
[WhiteElo "2151"]
[BlackElo "2424"]
[Annotator "NA"]
[PlyCount "94"]
[EventDate "2019.07.05"]
[EventType "swiss"]
[EventCountry "SRB"]
[SourceTitle "playchess.com"]
[Source "ChessBase"]
[SourceQuality "1"]
[TimeControl "5400+30"]

1. e4 c5 2. Nf3 a6 3. c3 d6 4. d4 Nd7 5. Bd3 e6 6. O-O Ne7 7. Be3 Ng6 8. Nbd2 Be7 9. g3 Nf6 10. Ne1 e5 11. Be2 Bh3 12. Ng2 h5 13. f3 h4 14. g4 Nd7 15. dxc5 Nxc5 16. Nc4 b5 17. Bxc5 dxc5 18. Nce3 c4 19. Nd5 Bc5+ 20. Kh1 Ra7 21. Qc2 O-O 22. Rfd1 Bxg2+ 23. Kxg2 Qg5 24. Qd2 h3+ 25. Kh1 Qh4 26. Qe1 Bf2 27. Qf1 Nf4 28. Nxf4 exf4 29. Rd5 g6 30. a4 Rb8 31. axb5 axb5 32. Rxa7 Bxa7 33. Rd7 Be3 34. Rd1 Bf2 35. Rd7 Be3 36. Rd1 Kg7 37. Qe1 Qf6 38. Rd5 Qa6 39. Bf1 Qa2 40. Qe2 b4 41. Qc2 b3 42. Qe2 Qb1 43. Rd1 Qc2 44. Re1 Rd8 45. Qxc4 Qf2 46. Rxe3 fxe3 47. Be2 Qg2# 0-1

[Event "XII Paracin Festival 2019"]
[Site "Paracin"]
[Date "2019.07.05"]
[Round "1.24"]
[White "Wadsworth, Matthew J"]
[Black "Iskos, Alexandros"]
[Result "1-0"]
[ECO "A05"]
[WhiteElo "2418"]
[BlackElo "2151"]
[Annotator "NA"]
[PlyCount "74"]
[EventDate "2019.07.05"]
[EventType "swiss"]
[EventCountry "SRB"]
[SourceTitle "playchess.com"]
[Source "ChessBase"]
[SourceQuality "1"]
[TimeControl "5400+30"]

1. Nf3 Nf6 2. g3 e6 3. Bg2 d5 4. O-O c5 5. c4 dxc4 6. Na3 Nc6 7. Nxc4 Be7 8. a4 O-O 9. d3 Nd5 10. Bd2 Rb8 11. Qb3 f6 12. Rfd1 Kh8 13. e4 Ndb4 14. Bxb4 cxb4 15. d4 Na5 16. Nxa5 Qxa5 17. d5 exd5 18. exd5 Bd6 19. Nd4 Bd7 20. Qd3 Rbe8 21. b3 a6 22. Rac1 Rc8 23. Ne6 Rfe8 24. Rxc8 Rxc8 25. Be4 Rc3 26. Qe2 g6 27. Qg4 Bxe6 28. dxe6 Qc7 29. Qh4 Kg7 30. Bd5 Qe7 31. Qd4 Rc7 32. Bc4 Bc5 33. Qe4 Bd6 34. h4 Bc5 35. h5 f5 36. Qe5+ Kh6 37. hxg6 Kxg6 1-0

[Event "XII Paracin Festival 2019"]
[Site "Paracin"]
[Date "2019.07.05"]
[Round "1.25"]
[White "Spirliadis, Achileas"]
[Black "Ratkovic, Miloje"]
[Result "1-0"]
[ECO "D21"]
[WhiteElo "2151"]
[BlackElo "2416"]
[Annotator "NA"]
[PlyCount "75"]
[EventDate "2019.07.05"]
[EventType "swiss"]
[EventCountry "SRB"]
[SourceTitle "playchess.com"]
[Source "ChessBase"]
[SourceQuality "1"]
[TimeControl "5400+30"]

1. d4 d5 2. c4 dxc4 3. Nf3 a6 4. a4 Nf6 5. e3 Bg4 6. Bxc4 e6 7. O-O Nc6 8. h3 Bh5 9. Nc3 Bd6 10. Be2 O-O 11. Kh1 Qe8 12. e4 Rd8 13. Be3 Bg6 14. e5 Bxe5 15. Nxe5 Nxe5 16. Qb3 Nc6 17. Qxb7 Nxd4 18. Bxa6 Nc2 19. Bc5 Nxa1 20. Rxa1 Rb8 21. Qxc7 Qd8 22. Qf4 Re8 23. Bb5 e5 24. Qe3 Re6 25. Rd1 Qc7 26. b4 h6 27. a5 Bc2 28. Rd2 Bb3 29. Be2 Qc8 30. b5 Re8 31. a6 e4 32. b6 Nd7 33. b7 Qxc5 34. Rxd7 Qc6 35. Bb5 Qf6 36. a7 Be6 37. axb8=Q Rxb8 38. Qg3 1-0

[Event "XII Paracin Festival 2019"]
[Site "Paracin"]
[Date "2019.07.05"]
[Round "1.26"]
[White "Janzelj, Tim"]
[Black "Dimitrijevic, Nenad"]
[Result "1-0"]
[ECO "A90"]
[WhiteElo "2416"]
[BlackElo "2150"]
[Annotator "NA RC"]
[PlyCount "200"]
[EventDate "2019.07.05"]
[EventType "swiss"]
[EventCountry "SRB"]
[SourceTitle "playchess.com"]
[Source "ChessBase"]
[SourceQuality "1"]
[TimeControl "5400+30"]

1. d4 e6 2. c4 f5 3. g3 Nf6 4. Bg2 c6 5. Nh3 d5 6. O-O Be7 7. Nd2 O-O 8. Nf4 a5 9. Nf3 Ne4 10. Ne5 a4 11. Qc2 g5 12. Nfd3 Nd7 13. Kh1 Nxe5 14. Nxe5 Bf6 15. Be3 Nd6 16. b3 Qa5 17. Rab1 axb3 18. axb3 Qa2 19. Qc1 Nf7 20. Nxf7 Rxf7 21. cxd5 cxd5 22. Bxg5 Bxd4 23. Qf4 Bg7 24. Bh6 Bd7 25. Bxg7 Rxg7 26. Qe5 Qd2 27. Ra1 Rc8 28. Ra7 Qb4 29. Qa1 Bc6 30. Ra8 Rxa8 31. Qxa8+ Kf7 32. Bf3 Rg8 33. Qa1 Ke7 34. Qe5 Qd6 35. Qd4 Kd7 36. b4 e5 37. Qh4 Qe7 38. Qh3 Rf8 39. b5 Bxb5 40. Bxd5 Kc7 41. Rb1 Ba6 42. Qh6 Rf6 43. Qe3 Kb8 44. f4 Rd6 45. Bg2 Re6 46. fxe5 Rxe5 47. Qb6 Re6 48. Qa5 Qf6 49. Bf3 Qe5 50. Qb4 Qd6 51. Qb3 Re7 52. Qc2 f4 53. g4 Ka7 54. Rd1 Qe5 55. Qa4 Rc7 56. Kg2 Rc4 57. Qd7 Rc2 58. Rd2 Rxd2 59. Qxd2 h6 60. Qb4 Qg5 61. Qd4+ Kb8 62. Qd6+ Ka7 63. Kf1 Bb5 64. h4 Qxh4 65. Qc5+ Ka6 66. Bxb7+ Ka5 67. Qc7+ Kb4 68. Qxf4+ Kc5 69. Qe3+ Kb4 70. Qf4+ Kc5 71. Qe5+ Kb6 72. Bf3 Qh3+ 73. Kg1 Qh4 74. Kg2 Qg5 75. Qd6+ Ka5 76. Kf2 Qh4+ 77. Qg3 Qg5 78. Qc7+ Kb4 79. Qh2 Qc5+ 80. Kg2 Qe3 81. Qd6+ Ka5 82. Qd5 Kb4 83. Qa2 Bc4 84. Qb1+ Kc3 85. Qe1+ Kb3 86. Qf2 Qg5 87. Qb6+ Kc3 88. e3 Bd3 89. Qd4+ Kd2 90. Qf4 Kc3 91. Kg3 Qg7 92. e4 Bc4 93. e5 Qg5 94. Bg2 Bb3 95. Be4 Bc4 96. Bf5 Qe7 97. e6 Bd5 98. Qe3+ Kb4 99. Qxh6 Kc5 100. Qe3+ Kd6 1-0

[Event "XII Paracin Festival 2019"]
[Site "Paracin"]
[Date "2019.07.05"]
[Round "1.27"]
[White "Pimpalkhare Vedant"]
[Black "Gadimbayli, Abdulla"]
[Result "1-0"]
[ECO "A05"]
[WhiteElo "2150"]
[BlackElo "2414"]
[Annotator "NA"]
[PlyCount "155"]
[EventDate "2019.07.05"]
[EventType "swiss"]
[EventCountry "SRB"]
[SourceTitle "playchess.com"]
[Source "ChessBase"]
[SourceQuality "1"]
[TimeControl "5400+30"]

1. Nf3 Nf6 2. c4 Nc6 3. Nc3 e6 4. a3 g6 5. e3 Bg7 6. Be2 O-O 7. O-O d5 8. d4 dxc4 9. Bxc4 b6 10. b4 Bb7 11. Bb2 Qe7 12. Qe2 Rad8 13. Rac1 Ba8 14. Rfd1 Nh5 15. d5 Ne5 16. Nxe5 Bxe5 17. dxe6 fxe6 18. Qg4 Kh8 19. Qxe6 Qg7 20. Qxe5 Qxe5 21. Na4 Qxb2 22. Nxb2 Nf6 23. Rxd8 Rxd8 24. Rd1 Re8 25. Na4 Ne4 26. Nb2 Nf6 27. Rd3 Kg7 28. f3 Bc6 29. Kf2 Bd7 30. Rc3 Re7 31. Nd3 g5 32. Bb3 Bf5 33. Ne1 Rd7 34. Ke2 Re7 35. Nc2 Bxc2 36. Rxc2 Ne8 37. g3 Nd6 38. Rd2 Kf6 39. Kf2 g4 40. Bd5 gxf3 41. Kxf3 Ke5 42. Bb3 c6 43. Rd4 Rd7 44. Rh4 Re7 45. Rh5+ Kf6 46. Rh6+ Ke5 47. Rh5+ Kf6 48. Bc2 Nf7 49. h4 h6 50. Kf4 Kg7 51. g4 Nd6 52. g5 hxg5+ 53. hxg5 Rf7+ 54. Ke5 Nc4+ 55. Ke6 Rf2 56. Rh7+ Kg8 57. Bg6 Nxe3 58. Rxa7 c5 59. bxc5 bxc5 60. Bh7+ Kh8 61. Be4 c4 62. Rc7 Rf8 63. g6 Kg8 64. a4 Re8+ 65. Kf6 Rf8+ 66. Ke6 Re8+ 67. Kf6 Rf8+ 68. Ke5 Rf1 69. a5 Ng4+ 70. Kd4 Rd1+ 71. Kc5 Nf6 72. Bc2 Rd2 73. Bb1 c3 74. a6 c2 75. Ba2+ Kf8 76. g7+ Ke8 77. Kb6 Nd7+ 78. Kb5 1-0

[Event "XII Paracin Festival 2019"]
[Site "Paracin"]
[Date "2019.07.05"]
[Round "1.28"]
[White "Djordjevic, Vuk"]
[Black "Risteski, Emil"]
[Result "1-0"]
[ECO "B23"]
[WhiteElo "2412"]
[BlackElo "2150"]
[Annotator "NA"]
[PlyCount "92"]
[EventDate "2019.07.05"]
[EventType "swiss"]
[EventCountry "SRB"]
[SourceTitle "playchess.com"]
[Source "ChessBase"]
[SourceQuality "1"]
[TimeControl "5400+30"]

1. e4 c5 2. Ne2 Nc6 3. Nbc3 g6 4. g3 Bg7 5. Bg2 d6 6. d3 Rb8 7. O-O e6 8. Be3 Nd4 9. Qd2 Ne7 10. Rab1 Nec6 11. Bh6 O-O 12. Bxg7 Kxg7 13. a3 b5 14. Nxd4 Nxd4 15. Nd1 b4 16. Ne3 a5 17. f4 f5 18. axb4 cxb4 19. Nc4 Qc7 20. exf5 Qc5 21. Qf2 gxf5 22. Nxa5 Ba6 23. Nc6 Nxc6 24. Qxc5 dxc5 25. Bxc6 b3 26. c4 Rfd8 27. Rfd1 Rd6 28. Bf3 Rbd8 29. Be2 Kf6 30. Re1 h5 31. Kf2 h4 32. gxh4 Rd4 33. Ra1 R8d6 34. Ke3 e5 35. fxe5+ Kxe5 36. Ra5 Rxh4 37. Rxc5+ Kf6 38. Rf1 Re6+ 39. Kd2 f4 40. Rf2 Re5 41. Rc6+ Re6 42. Rxe6+ Kxe6 43. Bf3 Ke5 44. Kc3 Rh3 45. d4+ Kf5 46. Kb4 Bc8 1-0

[Event "XII Paracin Festival 2019"]
[Site "Paracin"]
[Date "2019.07.05"]
[Round "1.29"]
[White "Parnali, S Dharia"]
[Black "McPhillips, Joseph"]
[Result "0-1"]
[ECO "A40"]
[WhiteElo "2145"]
[BlackElo "2412"]
[Annotator "NA"]
[PlyCount "90"]
[EventDate "2019.07.05"]
[EventType "swiss"]
[EventCountry "SRB"]
[SourceTitle "playchess.com"]
[Source "ChessBase"]
[SourceQuality "1"]
[TimeControl "5400+30"]

1. d4 e6 2. c4 b6 3. Nc3 Bb7 4. Nf3 Bb4 5. g3 Nf6 6. Bg2 O-O 7. O-O Bxc3 8. bxc3 Qc8 9. Bg5 Ne4 10. Qd3 d6 11. h4 h6 12. Be3 Nd7 13. Bh3 f5 14. d5 Ndc5 15. Bxc5 Nxc5 16. Qc2 exd5 17. Nd4 dxc4 18. Bxf5 Qe8 19. f3 Qe3+ 20. Kg2 Bc8 21. Bh7+ Kh8 22. Nb5 Bd7 23. Nxc7 Rac8 24. Nd5 Qe6 25. Nf4 Rxf4 26. gxf4 Qh3+ 27. Kf2 Qxh4+ 28. Ke3 Re8+ 29. Kd2 Qxf4+ 30. Ke1 Ba4 31. Qb1 Qe3 32. Rf2 Qxc3+ 33. Kf1 Bd7 34. Bg6 Re3 35. Qc1 Bh3+ 36. Kg1 Qe5 37. Rh2 Ne6 38. Be4 Qd4 39. Kh1 Nf4 40. Qd1 Rxe4 41. fxe4 Qxe4+ 42. Kg1 Qe3+ 43. Kh1 Qe4+ 44. Kg1 Qe3+ 45. Kh1 Bc8 0-1

[Event "XII Paracin Festival 2019"]
[Site "Paracin"]
[Date "2019.07.05"]
[Round "1.30"]
[White "Ratkovic, Milovan"]
[Black "Brankovic, Vladislav"]
[Result "1/2-1/2"]
[ECO "D00"]
[WhiteElo "2407"]
[BlackElo "2144"]
[Annotator "NA"]
[PlyCount "40"]
[EventDate "2019.07.05"]
[EventType "swiss"]
[EventCountry "SRB"]
[SourceTitle "playchess.com"]
[Source "ChessBase"]
[SourceQuality "1"]
[TimeControl "5400+30"]

1. d4 d5 2. Bg5 Nd7 3. e3 Ngf6 4. Nd2 e6 5. Ngf3 Bd6 6. Bd3 c6 7. O-O O-O 8. c4 a6 9. e4 dxe4 10. Nxe4 Be7 11. Qe2 Re8 12. Rad1 Nxe4 13. Qxe4 Bxg5 14. Qxh7+ Kf8 15. Qh8+ Ke7 16. Qh5 Bf6 17. Rfe1 Rh8 18. Qg4 Kf8 19. Qg3 g6 20. d5 cxd5 1/2-1/2

[Event "XII Paracin Festival 2019"]
[Site "Paracin"]
[Date "2019.07.06"]
[Round "2.1"]
[White "Ivanisevic, Ivan"]
[Black "O`Donnell, Conor"]
[Result "1-0"]
[ECO "D35"]
[WhiteElo "2612"]
[BlackElo "2341"]
[Annotator "RC"]
[PlyCount "77"]
[EventDate "2019.07.05"]
[EventType "swiss"]
[EventCountry "SRB"]
[SourceTitle "playchess.com"]
[Source "ChessBase"]
[SourceQuality "1"]
[TimeControl "5400+30"]

1. d4 d5 2. c4 e6 3. Nc3 Nf6 4. cxd5 Nxd5 5. Nf3 c5 6. g3 Nxc3 7. bxc3 cxd4 8. cxd4 Bb4+ 9. Bd2 Bxd2+ 10. Qxd2 b6 11. Bg2 Bb7 12. O-O O-O 13. Rfe1 Be4 14. Qf4 Qd5 15. Rac1 Nd7 16. h4 Rad8 17. Rc7 a5 18. g4 Nf6 19. h5 Qd6 20. Qxd6 Rxd6 21. g5 Nxh5 22. e3 b5 23. Rec1 Ra6 24. Ne5 Bxg2 25. Kxg2 f6 26. Nd7 Rfa8 27. Nc5 Rb6 28. Rh1 g6 29. Nd7 Rba6 30. Nxf6+ Nxf6 31. gxf6 h5 32. Rg7+ Kf8 33. Kf3 Rc8 34. Rxg6 Kf7 35. Rh6 b4 36. Rg1 Rg8 37. Rh7+ Kf8 38. Rc1 Ra8 39. f7 1-0

[Event "XII Paracin Festival 2019"]
[Site "Paracin"]
[Date "2019.07.06"]
[Round "2.2"]
[White "Chen, Peng"]
[Black "Perunovic, Milos"]
[Result "1-0"]
[ECO "B82"]
[WhiteElo "2328"]
[BlackElo "2597"]
[Annotator "ChessBase"]
[PlyCount "97"]
[EventDate "2019.07.05"]
[EventType "swiss"]
[EventCountry "SRB"]
[SourceTitle "playchess.com"]
[Source "ChessBase"]
[SourceQuality "1"]
[TimeControl "5400+30"]

1. e4 c5 2. Nf3 e6 3. d4 cxd4 4. Nxd4 Nf6 5. Nc3 d6 6. f4 Be7 7. Be3 O-O 8. Qf3 e5 9. Nf5 Bxf5 10. exf5 Nbd7 11. g4 exf4 12. Qxf4 Rc8 13. O-O-O Rxc3 14. bxc3 d5 15. Bg2 Ba3+ 16. Kb1 Qa5 17. Bc1 Bxc1 18. Rxc1 Qxc3 19. g5 Ne4 20. Bxe4 Qb4+ 21. Ka1 Qc3+ 22. Kb1 dxe4 23. Rhe1 Qb4+ 24. Ka1 Qc3+ 25. Kb1 Nc5 26. Rxe4 Nxe4 27. Qxe4 g6 28. f6 h5 29. Rd1 Rc8 30. h4 a5 31. Rd7 Qa3 32. Qe7 Qb4+ 33. Qxb4 axb4 34. Rxb7 Rc4 35. Rb8+ Kh7 36. Rf8 Rc7 37. Re8 Rc4 38. Re7 Kg8 39. Re8+ Kh7 40. Kb2 b3 41. Re7 bxc2 42. Rxf7+ Kh8 43. Kc1 Rxh4 44. Rg7 Rc4 45. Rxg6 h4 46. Rh6+ Kg8 47. g6 Rf4 48. g7 Kf7 49. Rh8 1-0

[Event "XII Paracin Festival 2019"]
[Site "Paracin"]
[Date "2019.07.06"]
[Round "2.3"]
[White "Svetushkin, Dmitry"]
[Black "Krasteva, Beloslava"]
[Result "1-0"]
[ECO "B50"]
[WhiteElo "2528"]
[BlackElo "2327"]
[Annotator "ChessBase"]
[PlyCount "67"]
[EventDate "2019.07.05"]
[EventType "swiss"]
[EventCountry "SRB"]
[SourceTitle "playchess.com"]
[Source "ChessBase"]
[SourceQuality "1"]
[TimeControl "5400+30"]

1. e4 c5 2. Nf3 d6 3. c3 Nf6 4. h3 g6 5. Bd3 Bg7 6. Bc2 e5 7. d4 exd4 8. cxd4 O-O 9. Nc3 Nc6 10. dxc5 dxc5 11. Be3 Qa5 12. O-O Rd8 13. Nd5 Nxd5 14. exd5 Nb4 15. Bb3 Bf5 16. d6 Rac8 17. Rc1 Nd3 18. Bxf7+ Kxf7 19. Qb3+ Ke8 20. Qg8+ Bf8 21. b4 Qxb4 22. Rb1 Qc3 23. Bg5 Rxd6 24. Rxb7 Rd7 25. Rb3 Qg7 26. Qc4 Be7 27. g4 Bxg5 28. gxf5 gxf5 29. Rxd3 Rxd3 30. Qxd3 Bf4+ 31. Kh1 Qb7 32. Re1+ Kf7 33. Qxf5+ Kg7 34. Rg1+ 1-0

[Event "XII Paracin Festival 2019"]
[Site "Paracin"]
[Date "2019.07.06"]
[Round "2.4"]
[White "Maksimovic, Bojan"]
[Black "Tan, Justin"]
[Result "1/2-1/2"]
[ECO "B15"]
[WhiteElo "2326"]
[BlackElo "2513"]
[Annotator "ChessBase"]
[PlyCount "73"]
[EventDate "2019.07.05"]
[EventType "swiss"]
[EventCountry "SRB"]
[SourceTitle "playchess.com"]
[Source "ChessBase"]
[SourceQuality "1"]
[TimeControl "5400+30"]

1. e4 c6 2. d4 d5 3. Nc3 g6 4. Nf3 Bg7 5. Be3 dxe4 6. Nxe4 Nf6 7. Bd3 O-O 8. Qd2 Nxe4 9. Bxe4 Nd7 10. O-O a5 11. c3 Nb6 12. Bh6 Nc4 13. Qc1 f6 14. Re1 Nd6 15. Bc2 Bf5 16. Bf4 Qd7 17. Bxd6 exd6 18. d5 Rfe8 19. Qd2 Bxc2 20. Qxc2 f5 21. Qb3 c5 22. Ng5 a4 23. Qc2 Be5 24. Ne6 f4 25. Rad1 Qf7 26. Re4 a3 27. b3 f3 28. g3 Qf5 29. Qd3 Re7 30. Re3 Rf7 31. Qxf5 Rxf5 32. Rdd3 b5 33. c4 bxc4 34. bxc4 Bb2 35. Rxf3 Ra4 36. g4 Rf7 37. Rb3 1/2-1/2

[Event "XII Paracin Festival 2019"]
[Site "Paracin"]
[Date "2019.07.06"]
[Round "2.5"]
[White "Vishnu Prasanna. V"]
[Black "Lazov, Toni"]
[Result "1/2-1/2"]
[ECO "E70"]
[WhiteElo "2505"]
[BlackElo "2313"]
[Annotator "ChessBase"]
[PlyCount "91"]
[EventDate "2019.07.05"]
[EventType "swiss"]
[EventCountry "SRB"]
[SourceTitle "playchess.com"]
[Source "ChessBase"]
[SourceQuality "1"]
[TimeControl "5400+30"]

1. d4 Nf6 2. c4 g6 3. Nc3 Bg7 4. e4 d6 5. Bd3 O-O 6. Nge2 c5 7. d5 Ng4 8. f4 e6 9. h3 Bxc3+ 10. bxc3 Qh4+ 11. g3 Qh5 12. Ng1 Nf2 13. Qxh5 Nxd3+ 14. Kd2 gxh5 15. Kxd3 b5 16. cxb5 exd5 17. exd5 Bf5+ 18. Ke2 Re8+ 19. Kf2 Nd7 20. g4 Bd3 21. Nf3 Re2+ 22. Kg3 Nf6 23. a4 hxg4 24. hxg4 Rae8 25. f5 R8e4 26. Bf4 Nxd5 27. Bxd6 Ne3 28. Ne5 Nc4 29. Nxc4 Rxc4 30. Rhe1 Rxc3 31. Be5 Rb3 32. Rxe2 Bxe2+ 33. Kf2 Bxg4 34. Rc1 Rf3+ 35. Kg2 Rxf5 36. Rxc5 f6 37. Rc8+ Kf7 38. Rc7+ Kg6 39. Bg3 Bf3+ 40. Kg1 a6 41. b6 Ra5 42. b7 Bxb7 43. Rxb7 Rxa4 44. Ra7 h5 45. Kg2 Ra2+ 46. Kf3 1/2-1/2

[Event "XII Paracin Festival 2019"]
[Site "Paracin"]
[Date "2019.07.06"]
[Round "2.6"]
[White "Dedebas, Emre Emin"]
[Black "Savic, Miodrag R"]
[Result "1/2-1/2"]
[ECO "D38"]
[WhiteElo "2301"]
[BlackElo "2503"]
[Annotator "ChessBase"]
[PlyCount "116"]
[EventDate "2019.07.05"]
[EventType "swiss"]
[EventCountry "SRB"]
[SourceTitle "playchess.com"]
[Source "ChessBase"]
[SourceQuality "1"]
[TimeControl "5400+30"]

1. d4 Nf6 2. c4 e6 3. Nf3 d5 4. Nc3 Bb4 5. Qa4+ Nc6 6. e3 O-O 7. Bd2 a6 8. Qc2 Re8 9. a3 Bd6 10. Bd3 h6 11. c5 Bf8 12. b4 e5 13. dxe5 Ng4 14. Ne2 Ngxe5 15. Nxe5 Nxe5 16. Bc3 Nxd3+ 17. Qxd3 Qg5 18. O-O c6 19. f4 Qf5 20. Qd2 Qg6 21. Bd4 Bf5 22. Ng3 a5 23. Nxf5 Qxf5 24. Qc3 axb4 25. axb4 h5 26. Rxa8 Rxa8 27. Ra1 Re8 28. Ra7 Qc8 29. Qa1 g6 30. h3 Kh7 31. Be5 Be7 32. Qa5 Bd8 33. Qa1 Bc7 34. Bd4 Rg8 35. Qe1 Qb8 36. Qa1 Re8 37. Ra3 Qc8 38. Ra7 Bb8 39. Ra8 Qe6 40. Qb1 Bc7 41. f5 Qd7 42. fxg6+ fxg6 43. Rxe8 Qxe8 44. Qf1 Be5 45. Qa1 Bxd4 46. Qxd4 Qe6 47. Qf4 Qe7 48. Kf2 Kg7 49. Ke2 g5 50. Qd4+ Qf6 51. Kd3 Kg6 52. Qxf6+ Kxf6 53. e4 Ke5 54. exd5 Kxd5 55. g3 Ke5 56. Ke3 Kd5 57. Kd3 Ke5 58. Ke3 Kd5 {[%emt 0:00:31] Ke4+} 1/2-1/2

[Event "XII Paracin Festival 2019"]
[Site "Paracin"]
[Date "2019.07.06"]
[Round "2.7"]
[White "Asadli, Vugar"]
[Black "Peng, Shunkai"]
[Result "1-0"]
[ECO "B23"]
[WhiteElo "2502"]
[BlackElo "2300"]
[Annotator "ChessBase"]
[PlyCount "39"]
[EventDate "2019.07.05"]
[EventType "swiss"]
[EventCountry "SRB"]
[SourceTitle "playchess.com"]
[Source "ChessBase"]
[SourceQuality "1"]
[TimeControl "5400+30"]

1. e4 c5 2. Nc3 a6 3. g3 b5 4. Bg2 Bb7 5. Nge2 e6 6. d4 cxd4 7. Nxd4 Nf6 8. O-O Qc7 9. Re1 h5 10. Bf4 d6 11. e5 dxe5 12. Bxe5 Qc8 13. Bxf6 gxf6 14. Nd5 Nd7 15. Qe2 Kd8 16. Nxe6+ fxe6 17. Qxe6 Bc5 18. Rad1 Bxd5 19. Rxd5 Ra7 20. Bh3 1-0

[Event "XII Paracin Festival 2019"]
[Site "Paracin"]
[Date "2019.07.06"]
[Round "2.8"]
[White "Wong, Jianwen"]
[Black "Stojanovic, Mihajlo"]
[Result "0-1"]
[ECO "A11"]
[WhiteElo "2301"]
[BlackElo "2483"]
[Annotator "ChessBase"]
[PlyCount "99"]
[EventDate "2019.07.05"]
[EventType "swiss"]
[EventCountry "SRB"]
[SourceTitle "playchess.com"]
[Source "ChessBase"]
[SourceQuality "1"]
[TimeControl "5400+30"]

1. c4 c6 2. Nf3 d5 3. g3 dxc4 4. Bg2 b5 5. O-O Bb7 6. Nc3 e6 7. d3 cxd3 8. Ne5 Nd7 9. Nxd3 a6 10. Be3 Ngf6 11. Ne4 Nxe4 12. Bxe4 Be7 13. Rc1 Rc8 14. Qc2 Qc7 15. Nc5 Nxc5 16. Bxc5 Bxc5 17. Qxc5 Qe7 18. Qa7 Rc7 19. Bxc6+ Bxc6 20. Qb6 O-O 21. Rxc6 Rxc6 22. Qxc6 Qb4 23. Qc2 Rd8 24. Rd1 Rxd1+ 25. Qxd1 g6 26. Qc2 Kg7 27. Kg2 a5 28. Kf3 e5 29. a3 Qd4 30. e3 Qd5+ 31. Qe4 Qc5 32. b4 axb4 33. axb4 Qc3 34. Qd5 Qxb4 35. Qxe5+ f6 36. Qc7+ Kh6 37. Qd8 Kg7 38. Qd7+ Kh6 39. Qd8 f5 40. h4 Qe4+ 41. Ke2 b4 42. Qf8+ Kh5 43. Qf6 Kg4 44. Qg5+ Kh3 45. Qf6 Kg2 46. Qb2 Qc4+ 47. Kd2 Qc3+ 48. Qxc3 bxc3+ 49. Kxc3 Kxf2 50. Kd4 0-1

[Event "XII Paracin Festival 2019"]
[Site "Paracin"]
[Date "2019.07.06"]
[Round "2.9"]
[White "Jocev, Milan"]
[Black "Petrov, Martin"]
[Result "0-1"]
[ECO "A45"]
[WhiteElo "2297"]
[BlackElo "2480"]
[Annotator "ChessBase"]
[PlyCount "94"]
[EventDate "2019.07.05"]
[EventType "swiss"]
[EventCountry "SRB"]
[SourceTitle "playchess.com"]
[Source "ChessBase"]
[SourceQuality "1"]
[TimeControl "5400+30"]

1. d4 Nf6 2. Bg5 e6 3. Nd2 h6 4. Bxf6 Qxf6 5. e3 b6 6. Qf3 Qxf3 7. Ngxf3 Bb7 8. Bd3 c5 9. c3 Nc6 10. O-O g5 11. Nc4 g4 12. Ne1 Ke7 13. f3 gxf3 14. Nxf3 Bg7 15. a4 Rag8 16. Rf2 d5 17. Ncd2 f5 18. Kf1 Bf6 19. g3 h5 20. Ke2 a5 21. Nh4 Nd8 22. Ndf3 Nf7 23. Ng2 Nd6 24. Nf4 Bc6 25. Bc2 Be8 26. Rg2 Rg7 27. Nd3 Ne4 28. Rag1 Rhg8 29. Nf4 Kd6 30. Nd2 Rc7 31. Nxe4+ fxe4 32. Kd2 cxd4 33. exd4 Bg5 34. Ke2 Rf8 35. Nh3 Bh6 36. Rf2 Rxf2+ 37. Nxf2 b5 38. g4 bxa4 39. g5 Bg7 40. Ra1 Rc4 41. Kd2 e5 42. dxe5+ Bxe5 43. Nd1 Bf4+ 44. Ke2 Bb5 45. Kf2 Bxg5 46. b3 axb3 47. Bxb3 e3+ 0-1

[Event "XII Paracin Festival 2019"]
[Site "Paracin"]
[Date "2019.07.06"]
[Round "2.10"]
[White "Gan-Od, Sereenen"]
[Black "Stankovic, Milos"]
[Result "1/2-1/2"]
[ECO "B13"]
[WhiteElo "2294"]
[BlackElo "2462"]
[Annotator "ChessBase"]
[PlyCount "129"]
[EventDate "2019.07.05"]
[EventType "swiss"]
[EventCountry "SRB"]
[SourceTitle "playchess.com"]
[Source "ChessBase"]
[SourceQuality "1"]
[TimeControl "5400+30"]

1. e4 c6 2. d4 d5 3. exd5 cxd5 4. c4 Nf6 5. Nc3 Nc6 6. Nf3 Be6 7. c5 g6 8. Bb5 Bg7 9. O-O O-O 10. h3 Qc7 11. Re1 Bf5 12. Bg5 Rfd8 13. Rc1 Ne4 14. Be3 Nxc3 15. bxc3 Na5 16. Qd2 Nc4 17. Bxc4 dxc4 18. Bf4 Qd7 19. Qe2 b6 20. Qxc4 Be6 21. Qb4 bxc5 22. Qxc5 Bf6 23. Ne5 Qa4 24. Ng4 Bxg4 25. hxg4 Rac8 26. Qb4 Qxb4 27. cxb4 Rxc1 28. Rxc1 Bxd4 29. Rc7 Kf8 30. a4 Bb6 31. Rc1 Ke8 32. a5 Bd4 33. Rc7 Rd5 34. Rb7 a6 35. Kf1 Rd7 36. Rb8+ Rd8 37. Rb7 Rd7 38. Bc7 e5 39. b5 axb5 40. a6 b4 41. a7 Bxa7 42. Rxa7 Ke7 43. Bb6 Rxa7 44. Bxa7 b3 45. Bc5+ Kf6 46. Ba3 Kg5 47. f3 e4 48. Bc1+ Kh4 49. g5 exf3 50. gxf3 b2 51. Bxb2 Kxg5 52. Kf2 Kf5 53. Bc3 g5 54. Ke3 h5 55. Be1 Ke6 56. Ke4 f5+ 57. Ke3 f4+ 58. Kf2 Kf5 59. Kg2 g4 60. Bh4 Ke5 61. Bg5 Kf5 62. Bd8 Ke5 63. Bc7+ Kf5 64. Bd8 Ke5 65. Bc7+ 1/2-1/2

[Event "XII Paracin Festival 2019"]
[Site "Paracin"]
[Date "2019.07.06"]
[Round "2.11"]
[White "Song, Raymond"]
[Black "Stefansson, Vignir Vatnar"]
[Result "1-0"]
[ECO "B31"]
[WhiteElo "2456"]
[BlackElo "2293"]
[Annotator "ChessBase"]
[PlyCount "95"]
[EventDate "2019.07.05"]
[EventType "swiss"]
[EventCountry "SRB"]
[SourceTitle "playchess.com"]
[Source "ChessBase"]
[SourceQuality "1"]
[TimeControl "5400+30"]

1. e4 c5 2. Nf3 Nc6 3. Bb5 g6 4. Bxc6 dxc6 5. d3 Bg7 6. h3 Nf6 7. Nc3 O-O 8. Be3 b6 9. Qd2 e5 10. Bh6 Qe7 11. Bxg7 Kxg7 12. O-O Qc7 13. Ne2 c4 14. dxc4 Nxe4 15. Qe3 Nc5 16. Ng3 f6 17. Rfe1 Be6 18. Qc3 a5 19. Re3 Na4 20. Qa3 Nc5 21. b3 Rad8 22. Rae1 Bf7 23. Qb2 Rfe8 24. h4 h5 25. Qc3 Qd7 26. a3 Qe7 27. Qa1 Kh7 28. Qc3 Nb7 29. Qb2 Kg7 30. Ng5 Qd7 31. N5e4 Qe7 32. Rf3 Rd6 33. Nxd6 Nxd6 34. Rd3 Nb7 35. Qc1 Nc5 36. Rdd1 Ne6 37. Ne4 Nd4 38. a4 Be6 39. Qb2 Bf5 40. c3 Ne6 41. Nd6 Rd8 42. Nxf5+ gxf5 43. Qe2 Kg6 44. Rxd8 Qxd8 45. Rd1 Qe7 46. Qf3 e4 47. Qg3+ Kf7 48. Qb8 1-0